Map: Ephemeron LE

Players

Seismic

  • Race: Zerg Zerg
  • League: Gold
  • Spawn Location: 5:00

A.I. 1 (Very Easy) - Winner!

  • Race: Zerg Zerg
  • Spawn Location: 11:00

VOD

Have the link to the VOD?

Description

Time

  • Played on: Dec. 30, 2019, 11:26 p.m.
  • Length: 5:03
Show
View Real Time Build Order
Export as new Build Order

Seismic Zerg 

Build Orders: Hatch First 

Get SALT Encoding   

  12  0:01  Drone  
  13  0:12  Overlord  
  13  0:17  Drone  
  14  0:31  Drone x2  
  14  0:34  Drone  
  17  0:55  Drone, Hatchery  
  17  0:59  Drone  
  18  1:12  Spawning Pool  
  18  1:15  Drone  
  19  1:18  Drone  
  19  1:28  Drone  
  19  1:31  Extractor  
  19  1:39  Drone  
  20  1:49  Drone  
  21  2:01  Drone  
  22  2:06  Queen  
  22  2:07  Queen  
  26  2:11  Drone  
  26  2:12  Drone  
  28  2:18  Overlord  
  28  2:36  Drone x2  
  30  2:39  Drone  
  30  2:41  Overlord  
  31  2:50  Queen  
  31  2:51  Lair  
  33  2:53  Drone x2  
  33  2:55  Drone  
  36  3:07  Drone x2  
  38  3:16  Hatchery  
  37  3:28  Drone  
  37  3:29  Drone  
  37  3:31  Roach Warren, Evolution Chamber  
  37  3:36  Drone  
  37  3:37  Drone x4  
  37  3:38  Overlord  
  42  3:58  Extractor  
  42  4:01  Overlord  
  42  4:02  Drone x4  
  45  4:03  Extractor, Drone x2, Overlord  
  46  4:33  Roach x7  
  46  4:34  Roach  
  62  4:43  Drone  
Show
View Real Time Build Order
Export as new Build Order

A.I. 1 (Very Easy) Zerg - Winner!

Build Orders: Hatch First 

Get SALT Encoding   

  12  0:00  Drone  
  13  0:12  Overlord  
  13  0:16  Drone  
  14  0:43  Hatchery  
  14  0:45  Drone  
  14  1:04  Spawning Pool  
  14  1:06  Drone  
  14  1:10  Extractor  
  13  1:13  Drone  
  14  1:21  Overlord  
  14  1:50  Zergling x2  
  14  1:51  Queen  
  14  1:52  Zergling x2  
  18  1:58  Roach Warren  
  17  2:03  Drone  
  18  2:09  Extractor  
  18  2:12  Drone  
  18  2:17  Zergling x2  
  18  2:22  Drone  
  20  2:29  Drone  
  21  2:36  Drone  
  22  2:43  Drone  
  23  2:50  Drone  
  24  2:58  Drone  
  25  3:02  Roach  
  25  3:05  Drone  
  28  3:12  Overlord  
  28  3:15  Drone  
  29  3:23  Drone  
  30  3:29  Lair  
  30  3:30  Drone  
  31  3:43  Drone  
  31  3:47  Roach  
  34  3:50  Drone  
  35  3:57  Drone  
  35  4:01  Overlord  
  36  4:04  Drone  
  37  4:11  Drone  
  38  4:18  Drone  
  39  4:26  Drone  
  39  4:28  Overseer  
  39  4:30  Overseer  
  40  4:32  Ravager, Roach  
  40  4:33  Drone  
  44  4:40  Drone  
  44  4:41  Overlord  
  45  4:47  Drone  
  46  4:58  Extractor  
  46  5:00  Extractor  
Tags
 
League
Gold
Matchup
ZvZ
Race
Zerg
Spawn Locations
Cross Positions
Add a new tag
Caveats
  • Supply blocks, unpowered buildings, or Contaminate may cause inaccurate times.
  • Supply counts are checked every 10 seconds.